AoeStats
← chewie1706

Socotra

506975707Analyzed
4v4 RM · 16d ago on Sep 16, 2026· 49m 13s· 8 players
Game mode
Random Map
Map size
148×148
Population
200
Speed
Normal
Resources
Standard
Victory
Conquest
Starting age
Dark Age
Ending age
Imperial Age
RankedLock teamsTeams togetherTeam positionsShared explorationLock speedFull tech treeHidden civsTurbo modeCheats
Victory
Defeat
🇫🇷 Persians · France
1544
+8
🇫🇷 Hindustanis · France
1354
+15
🇫🇷 Japanese · France
1350
+15
🇨🇭 Teutons · Switzerland
1231
+19
🇲🇽 Chinese · Mexico
1390
-17
🇨🇴 Italians · Colombia
1374
-16
🇨🇴 Persians · Colombia
1340
-15
🇨🇴 Sicilians · Colombia
1202
-9
Mancaldito
5:13 Loom
9:40 Feudal Age
14:34 Castle Age
37:08 Fletching
41:19 Town Watch
43:40 Wheelbarrow
45:35 Bodkin Arrow
46:47 Horse Collar
47:17 Padded Archer Armor
48:27 Ballistics
49:15 Hand Cart
Shaka GNU/Linux
0:26 Loom
13:04 Feudal Age
14:01 Double-Bit Axe
19:03 Gold Mining
20:25 Fletching
25:34 Castle Age
25:35 Wheelbarrow
25:35 Crossbowman
26:33 Bodkin Arrow
26:39 Padded Archer Armor
28:10 Bow Saw
32:34 Thumb Ring
33:35 Leather Archer Armor
Sn9k3
8:54 Loom
10:55 Feudal Age
16:39 Castle Age
16:42 Double-Bit Axe
16:39 Horse Collar
17:35 Wheelbarrow
22:39 Heavy Plow
25:17 Bow Saw
25:53 Scale Barding Armor
25:59 Forging
26:39 Bloodlines
26:30 Husbandry
28:29 Iron Casting
28:45 Chain Barding Armor
29:01 Hand Cart
33:47 Gold Mining
44:02 Imperial Age
43:42 Heavy Camel Rider
47:19 Plate Barding Armor
47:50 Blast Furnace
48:48 Two-Man Saw
48:22 Crop Rotation
BLACK_ROGER
3:30 Loom
10:48 Feudal Age
11:20 Double-Bit Axe
43:16 Horse Collar
49:01 Castle Age
chewie1706
5:09 Loom
5:45 Loom
26:59 Feudal Age
29:08 Double-Bit Axe
37:49 Castle Age
35:41 Fletching
41:21 Bow Saw
43:57 Horse Collar
44:37 Town Watch
45:08 Heavy Plow
47:33 Bodkin Arrow
AGS.Shirar
4:58 Loom
8:46 Feudal Age
9:57 Double-Bit Axe
13:23 Horse Collar
23:12 Castle Age
23:30 Scale Barding Armor
23:35 Forging
24:00 Husbandry
25:00 Bloodlines
25:06 Bow Saw
24:57 Heavy Plow
24:48 Gold Mining
28:26 Chain Barding Armor
29:14 Iron Casting
43:06 Wheelbarrow
46:14 Imperial Age
46:44 Heavy Camel Rider
49:11 Imperial Camel Rider
AGS.Grimnel
7:00 Loom
9:58 Feudal Age
10:40 Double-Bit Axe
10:58 Horse Collar
15:43 Forging
22:15 Castle Age
21:46 Scale Barding Armor
23:05 Bloodlines
23:26 Gold Mining
24:28 Wheelbarrow
26:40 Bow Saw
27:11 Town Watch
28:42 Chain Barding Armor
33:15 Hand Cart
34:10 Iron Casting
36:17 Heavy Plow
39:11 Imperial Age
37:57 Fletching
39:30 Padded Archer Armor
39:26 Bodkin Arrow
39:33 Stone Mining
39:27 Cavalier
41:28 Leather Archer Armor
41:51 Plate Barding Armor
40:54 Elite Skirmisher
43:39 Ballistics
44:21 Chemistry
45:07 Blast Furnace
45:14 Ring Archer Armor
45:07 Scale Mail Armor
47:00 Crop Rotation
47:32 Two-Man Saw
47:05 Conscription
48:32 Chain Mail Armor
48:32 Masonry
48:53 Town Patrol
AGS.Sylvatica
3:08 Loom
13:24 Feudal Age
14:48 Double-Bit Axe
16:43 Horse Collar
18:29 Fletching
22:57 Castle Age
21:46 Gold Mining
22:34 Padded Archer Armor
23:49 Bodkin Arrow
23:41 Crossbowman
26:17 Leather Archer Armor
34:53 Thumb Ring
34:25 Pikeman
36:10 Ballistics
40:41 Wheelbarrow
40:28 Town Watch
42:12 Hand Cart
47:55 Imperial Age
46:40 Scale Mail Armor
47:22 Masonry
48:07 Chain Mail Armor
48:02 Forging
48:27 Capped Ram
48:29 Arbalester
49:10 Bracer
Connection lost

Rejoining the realm…

Still unreachable

The connection could not be restored.

Session expired

The server has moved on; the page needs a fresh start.